 Dungeon Crawl Stone Soup version 0.26-a0-639-g72c4674329 (webtiles) character file.

Game seed: 2544687559068958237

21260 Apogee the Grappler (level 12, -3/128 HPs)
             Began as a Troll Hunter on Sept 25, 2020.
             Was a High Priest of Okawaru.
             Slain by a frost giant
             ... wielding a +1 battleaxe of freezing
              (27 damage)
             ... in an ice cave.
             The game lasted 00:25:44 (12729 turns).

Apogee the Grappler (Troll Hunter)                 Turns: 12729, Time: 00:25:44

Health: -3/128     AC:  7    Str: 24    XL:     12   Next: 52%
Magic:  11/15      EV:  9    Int: 10    God:    Okawaru [*****.]
Gold:   723        SH:  0    Dex:  7    Spells: 11/11 levels left

rFire    + . .     SeeInvis +     - Unarmed
rCold    + . .     Faith    .   (no shield)
rNeg     . . .     Spirit   .   b - +0 robe
rPois    .         Reflect  .   H - +0 hat {SInv}
rElec    .         Harm     .   r - +0 cloak
rCorr    .         Rampage  .   (gloves unavailable)
MR       .....                  (boots unavailable)
Stlth    +.........             R - amulet of the acrobat
HPRegen  0.71/turn              M - ring "Roupia" {+Inv +Fly rF+ rC+ Dex-3}
MPRegen  0.14/turn              (no ring)

@: finesse
A: large, unfitting armour, claws 3, regeneration 1, shaggy fur 1, tough skin 3
a: Heroism, Finesse, Renounce Religion, Evoke Invisibility, Evoke Flight


You were in an ice cave.
You worshipped Okawaru.
Okawaru was extremely pleased with you.
You visited 2 branches of the dungeon, and saw 13 of its levels.
You also visited: Sewer and Ice Cave.

You collected 723 gold pieces.

Inventory:

Hand Weapons
 a - the +2 whip of the Priest {drain, Str+6}
   (You found it on level 6 of the Dungeon)

   A truly terrible weapon, it drains the life of those it strikes.
   It affects your strength (+6).
Missiles
 c - a large rock (quivered)
 l - 21 boomerangs
 I - 2 throwing nets {!f}
 K - 5 silver boomerangs
 W - 8 silver javelins
 Y - 18 javelins
Armour
 b - a +0 robe (worn)
 r - a +0 cloak (worn)
   (You found it on level 3 of the Dungeon)
 H - a +0 hat of see invisible (worn)
   (Okawaru gifted it to you on level 11 of the Dungeon)
Jewellery
 e - an uncursed amulet of regeneration
   (You found it on level 6 of the Dungeon)
 f - an uncursed ring of stealth {unknown}
   (You found it in an ice cave)
 A - a +6 ring of intelligence {unknown}
   (You found it on level 5 of the Dungeon)
 E - an uncursed ring of protection from cold {unknown}
   (You found it on level 5 of the Dungeon)
 L - an uncursed ring of poison resistance {unknown}
   (You found it on level 9 of the Dungeon)
 M - the ring "Roupia" (left claw) {+Inv +Fly rF+ rC+ Dex-3}
   (You took it off a centaur on level 9 of the Dungeon)

   [ring of flight]

   It affects your dexterity (-3).
   It protects you from fire.
   It protects you from cold.
   It lets you turn invisible.
   It lets you fly.
 O - an uncursed ring of protection from cold {unknown}
   (You found it on level 9 of the Dungeon)
 R - an amulet of the acrobat (around neck)
   (You found it on level 4 of the Dungeon)
 S - an uncursed ring of stealth {unknown}
   (You found it on level 10 of the Dungeon)
 T - an uncursed ring of flight {unknown}
   (You found it on level 11 of the Dungeon)
 X - an uncursed ring of poison resistance {unknown}
   (You found it on level 11 of the Dungeon)
Wands
 d - a wand of iceblast (9)
   (You found it on level 8 of the Dungeon)
 t - a wand of flame (6)
   (You found it on level 5 of the Dungeon)
 u - a wand of paralysis (21)
   (You found it on level 6 of the Dungeon)
 x - a wand of acid (9)
   (You found it on level 10 of the Dungeon)
 Q - a wand of polymorph (8)
   (You found it on level 10 of the Dungeon)
Scrolls
 h - 2 scrolls of immolation {!r}
 i - 4 scrolls of enchant armour
 q - a scroll of fear
 y - 5 scrolls of teleportation {@r4}
 z - 3 scrolls of amnesia
 B - 2 scrolls of magic mapping {unknown}
 C - 3 scrolls of enchant weapon
 D - 4 scrolls of remove curse {@r2}
 F - a scroll of fog {unknown}
 G - 2 scrolls of blinking {unknown}
 P - a scroll of vulnerability {unknown}
 U - 2 scrolls of acquirement {unknown}
Potions
 g - 2 potions of magic {unknown}
 j - 2 potions of curing {@q1}
 k - a potion of brilliance {unknown}
 m - 3 potions of heal wounds {@q2}
 n - 4 potions of flight
 o - 2 potions of cancellation
 p - 2 potions of lignification {unknown}
 s - 4 potions of haste {unknown}
 v - 8 potions of ambrosia {unknown}
 w - 3 potions of stabbing
 J - 2 potions of berserk rage {unknown}
 V - a potion of resistance {unknown}
 Z - a potion of degeneration {unknown}
Miscellaneous
 N - a phantom mirror
   (You found it on level 9 of the Dungeon)


   Skills:
 * Level 10.8 Fighting
 + Level 9.1 Throwing
 - Level 1.5 Dodging
 - Level 0.3 Stealth
 + Level 12.2 Unarmed Combat
 + Level 6.4 Invocations


You had 11 spell levels left.
You didn't know any spells.
Your spell library was empty.

Dungeon Overview and Level Annotations

Branches:
Dungeon (12/15)            Temple (0/1) D:5            Lair (1/6) D:11
  Sewer (visited)           IceCv (1/1)
    Orc: D:9-12

Altars:
Cheibriados
Elyvilon
Fedhas
Hepliaklqana
Kikubaaqudgha
Nemelex Xobeh
Okawaru
Qazlal
Sif Muna
Trog
Wu Jian
Yredelemnul
Zin
The Shining One

Annotations:
D:5 1 runed translucent door, Crazy Yiuf
D:9 3 runed translucent doors
Lair:1 3 runed translucent doors, Utwiqean's ghost, journeyman DEIE


Innate Abilities, Weirdness & Mutations

You are too large for most types of armour.
You have claws for hands.
Your natural rate of healing is unusually fast.
You are covered in fur. (AC +1)
You have extremely tough skin. (AC +3)


Message History

You feel much better.
The frost giant points at you and mumbles some strange words.
The bolt of cold hits you!! You resist.
* * * LOW HITPOINT WARNING * * *
You can now deal lightning-fast blows.
The frost giant points at you and mumbles some strange words.
The bolt of cold hits you!! You resist.
* * * LOW HITPOINT WARNING * * *
Throwing (i - inventory. (/) - cycle)
c - 9 large rocks (quivered)
Aim: a frost giant, wielding a +1 battleaxe of freezing (lightly wounded)
You throw a large rock.
The large rock barely misses the frost giant.
The large rock hits the yak but does no damage.
Throwing (i - inventory. (/) - cycle)
c - 8 large rocks (quivered)
Aim: a frost giant, wielding a +1 battleaxe of freezing (lightly wounded)
You throw a large rock. The large rock hits the frost giant!!
Throwing (i - inventory. (/) - cycle)
c - 7 large rocks (quivered)
Aim: a frost giant, wielding a +1 battleaxe of freezing (moderately wounded)
You throw a large rock. The large rock hits the frost giant!!
Throwing (i - inventory. (/) - cycle)
c - 6 large rocks (quivered)
Aim: a frost giant, wielding a +1 battleaxe of freezing (heavily wounded)
You throw a large rock. The large rock hits the frost giant.
The frost giant hits you with a +1 battleaxe of freezing!
* * * LOW HITPOINT WARNING * * *
Throwing (i - inventory. (/) - cycle)
c - 5 large rocks (quivered)
Aim: a frost giant, wielding a +1 battleaxe of freezing (heavily wounded)
You throw a large rock.
The large rock barely misses the frost giant.
Throwing (i - inventory. (/) - cycle)
c - 4 large rocks (quivered)
Aim: a frost giant, wielding a +1 battleaxe of freezing (heavily wounded)
You throw a large rock. The large rock hits the frost giant.
The frost giant hits you with a +1 battleaxe of freezing!!
* * * LOW HITPOINT WARNING * * *
The frost giant freezes you.
* * * LOW HITPOINT WARNING * * *
You feel much better.
The frost giant hits you with a +1 battleaxe of freezing!
* * * LOW HITPOINT WARNING * * *
The frost giant freezes you.
* * * LOW HITPOINT WARNING * * *
The yak snorts and paws the ground.
Throwing (i - inventory. (/) - cycle)
c - 3 large rocks (quivered)
Aim: a frost giant, wielding a +1 battleaxe of freezing (severely wounded)
You throw a large rock. The large rock hits the frost giant.
Throwing (i - inventory. (/) - cycle)
c - 2 large rocks (quivered)
Aim: a frost giant, wielding a +1 battleaxe of freezing (severely wounded)
You throw a large rock.
The large rock barely misses the frost giant.
The frost giant hits you with a +1 battleaxe of freezing!!
You die...

#.#≈≈≈≈≈≈≈
##.##≈≈≈≈≈#
#.##≈≈≈≈≈≈###
#.## ≈#≈≈##.##
#..# ##≈#kh..#
#..###.≈#Y##..#
#...#.###h# ..#
#...#.)##C# Y..
##...###@##


.hk ##..###.# .( ##.##.## h #..##.# ##.##.## ##..##.## #..####.## #.## ##.#
#≈#####.## You could see a frost giant, 2 polar bears, a yak and a rime drake.

Vanquished Creatures
  A hydra (Lair:1)
  A two-headed ogre (D:8)
  2 death yaks
  An ugly thing (D:10)
  Joseph (D:10)
  An ice statue (IceCv)
  2 rime drakes (Lair:1)
  11 polar bears (IceCv)
  A queen bee (D:11)
  A slime creature (D:11)
  4 hippogriffs
  35 yaks
  A wyvern (D:10)
  Eustachio (D:4)
  Menkaure (D:6)
  Grum (D:11)
  2 acid dragons
  A water moccasin (D:9)
  4 porcupines
  3 phantoms
  5 orc warriors
  A black bear (D:8)
  3 necrophages
  2 sky beasts
  10 ogres
  16 wolves
  7 centaurs
  2 crocodiles (D:11)
  3 big kobolds
  4 bullfrogs
  A water moccasin skeleton (D:8)
  3 scorpions
  33 killer bees
  9 wights
  2 howler monkeys
  An electric eel (D:11)
  8 hounds
  A quasit (D:10)
  A centaur skeleton (D:4)
  3 jellies
  6 orc priests
  An iguana (D:4)
  3 orc wizards
  8 worker ants
  A killer bee zombie (D:7)
  2 hound skeletons
  A howler monkey zombie (D:6)
  2 worker ant zombies (D:11)
  A howler monkey skeleton (D:8)
  4 gnolls
  12 adders
  3 river rats
  A shadow imp (D:9)
  3 white imps
  An ufetubus (D:10)
  An adder zombie (D:5)
  2 adder skeletons (D:2)
  4 worms
  A dart slug (D:3)
  6 leopard geckos
  29 orcs
  2 bat skeletons (D:2)
  3 bat zombies (D:2)
  5 giant cockroaches
  8 goblins
  6 hobgoblins
  10 jackals
  7 quokkas
  A ball python skeleton (D:2)
  9 bats
  2 frilled lizards
  3 giant cockroach zombies
  22 kobolds
  2 leopard gecko skeletons
  A quokka skeleton (D:10)
  A quokka zombie (D:6)
  11 rats
375 creatures vanquished.

Vanquished Creatures (others)
  A human (D:5)
  2 wolves (IceCv)
  3 fungi (D:11)
  17 plants
23 creatures vanquished.

Grand Total: 398 creatures vanquished

Notes
Turn   | Place    | Note
-------+----------+-------------------------------------------
     0 | D:1      | Apogee the Troll Hunter began the quest for the Orb.
     0 | D:1      | Reached XP level 1. HP: 19/19 MP: 0/0
   400 | D:1      | Reached XP level 2. HP: 28/28 MP: 1/1
   419 | D:1      | Reached skill level 1 in Unarmed Combat
   846 | D:2      | Reached XP level 3. HP: 33/35 MP: 2/2
   978 | D:2      | Reached skill level 2 in Unarmed Combat
  1012 | D:2      | Found a faded altar of an unknown god.
  1111 | D:2      | Reached XP level 4. HP: 44/44 MP: 3/3
  1335 | D:2      | Found an iron altar of Okawaru.
  1336 | D:2      | Found a snail-covered altar of Cheibriados.
  1346 | D:2      | Found a hazy altar of Hepliaklqana.
  1346 | D:2      | Found a glowing golden altar of the Shining One.
  1347 | D:2      | Found a white marble altar of Elyvilon.
  1349 | D:2      | Found a bloodstained altar of Trog.
  1351 | D:2      | Found a shimmering blue altar of Sif Muna.
  1360 | D:2      | Became a worshipper of Warmaster Okawaru
  1548 | D:3      | Reached XP level 5. HP: 52/52 MP: 4/4
  1654 | D:3      | Reached skill level 3 in Unarmed Combat
  2073 | D:4      | Noticed Eustachio
  2110 | D:4      | Killed Eustachio
  2110 | D:4      | Reached XP level 6. HP: 40/62 MP: 5/5
  2238 | D:4      | Reached * piety under Okawaru
  2238 | D:4      | Reached skill level 4 in Unarmed Combat
  2271 | D:4      | Found a basalt altar of Yredelemnul.
  2399 | D:4      | Reached XP level 7. HP: 67/70 MP: 6/6
  2419 | D:4      | Reached skill level 1 in Invocations
  2886 | D:5      | Entered Level 5 of the Dungeon
  2990 | D:5      | Found a staircase to the Ecumenical Temple.
  3048 | D:5      | Found an ancient bone altar of Kikubaaqudgha.
  3672 | D:5      | Found an ancient bone altar of Kikubaaqudgha.
  3675 | D:5      | Noticed a human
  3676 | D:5      | Killed a human
  3704 | D:5      | Found a runed translucent door.
  3705 | D:5      | Noticed Crazy Yiuf
  3950 | D:6      | Found a blossoming altar of Fedhas.
  3951 | D:6      | Noticed Menkaure
  3954 | D:6      | Killed Menkaure
  3954 | D:6      | Reached skill level 5 in Unarmed Combat
  3977 | D:6      | Reached skill level 5 in Throwing
  3981 | D:6      | Reached ** piety under Okawaru
  4176 | D:6      | Reached skill level 5 in Fighting
  4176 | D:6      | Reached XP level 8. HP: 15/80 MP: 5/8
  4423 | D:6      | Got a bloodstained whip
  4499 | D:6      | Reached skill level 6 in Unarmed Combat
  4564 | D:6      | Found a glowing drain.
  4574 | Sewer    | Entered a sewer
  4678 | Sewer    | Found a white marble altar of Elyvilon.
  4997 | D:6      | Found a glowing silver altar of Zin.
  5000 | D:6      | Found a stormy altar of Qazlal.
  5003 | D:6      | Found an ornate altar of the Wu Jian Council.
  5045 | D:6      | Identified the +2 whip of the Priest {drain, Str+6} (You
                  | found it on level 6 of the Dungeon)
  5154 | D:7      | Noticed a hippogriff
  5163 | D:7      | Killed a hippogriff
  5386 | D:7      | Reached *** piety under Okawaru
  5386 | D:7      | Reached XP level 9. HP: 46/89 MP: 10/10
  5388 | D:7      | Paralysed by an orc for 4 turns
  5430 | D:7      | Reached skill level 7 in Unarmed Combat
  5729 | D:7      | Received a gift from Okawaru
  6274 | D:8      | Reached skill level 8 in Unarmed Combat
  6333 | D:8      | Noticed a two-headed ogre
  6340 | D:8      | Killed a two-headed ogre
  6340 | D:8      | Reached **** piety under Okawaru
  6340 | D:8      | Received a gift from Okawaru
  6430 | D:8      | Reached XP level 10. HP: 102/102 MP: 12/12
  6894 | D:8      | Reached skill level 9 in Unarmed Combat
  7190 | D:9      | Identified the ring "Roupia" {+Inv +Fly rF+ rC+ Dex-3}
  7228 | D:9      | Reached ***** piety under Okawaru
  7228 | D:9      | Received a gift from Okawaru
  7559 | D:9      | Found a sparkling altar of Nemelex Xobeh.
  7686 | D:9      | Found a runed translucent gate.
  7687 | D:9      | Noticed a cyan ugly thing
  7687 | D:9      | Noticed a green ugly thing
  7687 | D:9      | Noticed a green ugly thing
  7687 | D:9      | Noticed a cyan very ugly thing
  7688 | D:9      | Noticed a cyan ugly thing
  7689 | D:9      | Noticed a brown ugly thing
  7691 | D:9      | Found a runed translucent gate.
  7691 | D:9      | Found a runed translucent gate.
  8046 | D:10     | Entered Level 10 of the Dungeon
  8192 | D:10     | Received a gift from Okawaru
  8301 | D:10     | Noticed a cyan ugly thing
  8310 | D:10     | Killed a cyan ugly thing
  8310 | D:10     | Reached skill level 10 in Unarmed Combat
  8858 | D:10     | Noticed Joseph
  8885 | D:10     | Killed Joseph
  9436 | D:10     | Reached XP level 11. HP: 91/113 MP: 13/13
  9486 | D:10     | HP: 5/113 [yak (14)]
  9767 | D:11     | Received a gift from Okawaru
 10011 | D:11     | Found a staircase to the Lair.
 10083 | D:11     | Received a gift from Okawaru
 10210 | D:11     | Noticed a death yak
 10213 | D:11     | Noticed Grum
 10260 | D:11     | Killed a death yak
 10281 | D:11     | Received a gift from Okawaru
 10283 | D:11     | Reached skill level 11 in Unarmed Combat
 10286 | D:11     | Reached skill level 5 in Invocations
 10589 | D:11     | Killed Grum
 10593 | D:11     | Received a gift from Okawaru
 11323 | Lair:1   | Entered Level 1 of the Lair of Beasts
 11323 | Lair:1   | Found a runed translucent gate.
 11323 | Lair:1   | Found a runed translucent gate.
 11323 | Lair:1   | Found a runed translucent gate.
 11328 | Lair:1   | Noticed a minotaur
 11328 | Lair:1   | Noticed Utwiqean's ghost (journeyman DEIE)
 11407 | Lair:1   | Noticed an eight-headed hydra
 11412 | Lair:1   | Killed an eight-headed hydra
 11412 | Lair:1   | Reached skill level 10 in Fighting
 11506 | Lair:1   | Found a frozen archway.
 11525 | IceCv    | Entered an ice cave
 11596 | IceCv    | Reached XP level 12. HP: 47/126 MP: 7/15
 12113 | IceCv    | Reached skill level 12 in Unarmed Combat
 12350 | IceCv    | Received a gift from Okawaru
 12528 | IceCv    | Noticed a death yak
 12560 | IceCv    | Killed a death yak
 12573 | IceCv    | Received a gift from Okawaru
 12706 | IceCv    | Noticed a frost giant
 12729 | IceCv    | Slain by a frost giant

Illustrated notes

Levels and vault maps discovered:
D:1:      scummos_arrival_gate, layout_basic
D:2:      layout_rooms, minitemple, chequers_ecumenical_altar_grove,
          serial_undead, serial_undead_d, serial_undead_b, serial_undead_a,
          serial_undead_f
D:3:      layout_basic
D:4:      layout_basic, nicolae_overflow_hidden_temple, uniq_eustachio
D:5:      layout_basic, kiku_gazebo_garden_becter, minmay_temple_entry_slanted,
          tgw_kikubaaqudgha, uniq_crazy_yiuf_cottage
D:6:      layout_rooms, grunt_temple_overflow_diamond, gup_sewer_entry_spiral,
          minmay_misc_feat_rows, fedhas_ov_isle_minmay, uniq_menkaure
D:7:      layout_basic
D:8:      layout_cave_pods
D:9:      layout_roguey, nemelex_altar_shiori,
          ploomutoo_gammafunk_ghost_potion_laboratory
D:10:     layout_cave_pods, nrook_pool_corridor, uniq_joseph
D:11:     argonaut_augean_stables, layout_rooms, minmay_lair_entry_grove,
          special_room [special_room_bee], uniq_grum
D:12:     layout_irregular_city, hiddenorc1_lemuel, serial_shops, shop,
          kennysheep_doodads
Lair:1:   layout_gridlike, maelrawn_ghost_gauntlet_escape, portal_ice_cave_rime
IceCv:    ice_cave_caverns_02

Skill      XL: |  1  2  3  4  5  6  7  8  9 10 11 12 |
---------------+-------------------------------------+-----
Unarmed Combat | 1 2 3 4 5 6 8 10 11 12 | 12.2
Fighting       | 2 3 4 5 6 7 8 10 | 10.8
Throwing       | 4 5 6 7 8 9 |  9.1
Invocations    | 2 3 4 5 6 |  6.4
Dodging        | |  1.5
Stealth        | |  0.3

Action                   |  1- 3 |  4- 6 |  7- 9 | 10-12 || total
-------------------------+-------+-------+-------+-------++-------
Melee: Unarmed           |   118 |   159 |   340 |   561 ||  1178
       Punch             |       |     3 |    11 |    31 ||    45
Throw: Stone             |    41 |       |       |     6 ||    47
       Boomerang         |       |       |     8 |     1 ||     9
       Large rock        |       |       |     1 |    43 ||    44
       Javelin           |       |       |     7 |    23 ||    30
Invok: Heroism           |       |       |     3 |    16 ||    19
       Finesse           |       |       |       |     8 ||     8
Evoke: Wand              |       |       |       |     2 ||     2
  Use: Potion            |       |       |     3 |     3 ||     6
       Scroll            |       |       |     9 |     4 ||    13
 Stab: Sleeping          |     1 |     1 |     2 |       ||     4
Armor: Robe              |    74 |    54 |   113 |   138 ||   379
Dodge: Dodged            |    86 |    73 |   216 |   314 ||   689

Table legend: (Time is in decaauts)
 A = Elapsed time spent in this place.
 B = Non-inter-level travel time spent in this place.
 C = Inter-level travel time spent in this place.
 D = Time resting spent in this place.
 E = Time spent auto-exploring this place.
 F = Levels seen in this place.
 G = Mean time per level.
                   A        B        C        D        E       F      G
               +--------+--------+--------+--------+--------+-----+--------+
         Total |  12585 |  12064 |    521 |   1860 |   7451 |  15 |  839.0 |
       Dungeon |  11085 |  10564 |    521 |   1437 |   6839 |  12 |  923.8 |
          Lair |    201 |    201 |      0 |      0 |    133 |   1 |  201.0 |
         Sewer |    164 |    164 |      0 |      0 |    111 |   1 |  164.0 |
      Ice Cave |   1134 |   1134 |      0 |    422 |    367 |   1 | 1134.0 |
               +--------+--------+--------+--------+--------+-----+--------+

Top non-repeatable levels by time:
    D:10: 1693 daAuts
    D:11: 1400 daAuts
     D:7: 1149 daAuts
   IceCv: 1134 daAuts
     D:5: 1089 daAuts
     D:9: 1071 daAuts
     D:6: 977 daAuts
     D:1: 829 daAuts
     D:8: 821 daAuts
     D:4: 789 daAuts
     D:2: 651 daAuts
     D:3: 601 daAuts
  Lair:1: 201 daAuts
   Sewer: 164 daAuts
    D:12: 10 daAuts
